| TOP OF THE 1ST |
|
Chester Pirates batting - Pitching for New Jersey Devils : RHP Richard Pye
|
|
Pitching: RHP Richard Pye
|
|
|
Batting: RHB Terrence Wilson
|
0-0: Ball 1-0: Ball 2-0: Called Strike 2-1: Called Strike 2-2: Ground out 3-1 (Groundball, 13, EV 87.5 MPH)
|
|
Batting: RHB Tim Moore
|
0-0: Called Strike 0-1: Ball 1-1: SINGLE (Groundball, 6D, EV 100.0 MPH)
|
|
Batting: RHB Zach Chmieleski
|
0-0: Called Strike 0-1: Foul Ball, location: 2F 0-2: Ball 1-2: Foul Ball, location: 2F 1-2: Ball 2-2: Fielders Choice at 2nd, 6-4 (Groundball, 6M, EV 93.8 MPH)
|
|
Batting: LHB Carlos Vega
|
0-0: Foul Ball, location: 2F 0-1: Ball 1-1: Foul Ball, location: 2F 1-2: SINGLE (Line Drive, 78S, EV 99.4 MPH) Zach Chmieleski to second
|
|
Batting: RHB Jeff Edwards
|
0-0: Called Strike 0-1: Ball 1-1: Swinging Strike 1-2: Strikes out swinging
|
| Top of the 1st over - 0 runs, 2 hits, 0 errors, 2 left on base; Chester 0 - New Jersey 0 |
| BOTTOM OF THE 1ST |
|
New Jersey Devils batting - Pitching for Chester Pirates : LHP Stan Stirnweiss
|
|
Pitching: LHP Stan Stirnweiss
|
|
|
Batting: RHB Larry Shoop
|
0-0: Called Strike 0-1: Foul Ball, location: 2F 0-2: Strikes out swinging
|
|
Batting: SHB Jason Caruso
|
0-0: Called Strike 0-1: Called Strike 0-2: Ball 1-2: Fly out, F9 (Flyball, 89M, EV 94.4 MPH)
|
|
Batting: RHB Bobby Coulombe
|
0-0: Ball 1-0: Foul Ball, location: 2F 1-1: Called Strike 1-2: Ball 2-2: Foul Ball, location: 2F 2-2: Fly out, F8 (Flyball, 78D, EV 75.0 MPH)
|
| Bottom of the 1st over - 0 runs, 0 hits, 0 errors, 0 left on base; Chester 0 - New Jersey 0 |
| TOP OF THE 2ND |
|
Chester Pirates batting - Pitching for New Jersey Devils : RHP Richard Pye
|
|
Batting: SHB Don Hauk
|
0-0: Ball 1-0: Called Strike 1-1: Ball 2-1: Ball 3-1: Ground out 6-3 (Groundball, 6, EV 101.9 MPH)
|
|
Batting: RHB Frank Elizondo
|
0-0: Ball 1-0: Foul Ball, location: 2F 1-1: Foul Ball, location: 2F 1-2: Fly out, F9 (Line Drive, 9, EV 100.6 MPH)
|
|
Batting: RHB Erik Mulligan
|
0-0: Ball 1-0: DOUBLE (Flyball, 89XD, EV 105.0 MPH)
|
|
Batting: LHB Chad Cutler
|
0-0: Ball 1-0: Ball 2-0: Called Strike 2-1: Fly out, F8 (Flyball, 8RD, EV 94.4 MPH)
|
| Top of the 2nd over - 0 runs, 1 hit, 0 errors, 1 left on base; Chester 0 - New Jersey 0 |
| BOTTOM OF THE 2ND |
|
New Jersey Devils batting - Pitching for Chester Pirates : LHP Stan Stirnweiss
|
|
Batting: SHB Alex Cavazos
|
0-0: Fly out, F4 (Popup, 4, EV 65.0 MPH)
|
|
Batting: RHB Chris Artz
|
0-0: Reached on error, E6 (Groundball, 6, EV 87.5 MPH)
|
|
Batting: RHB Jose Lara
|
0-0: Ball 1-0: Called Strike 1-1: Swinging Strike 1-2: Grounds into double play, 5-4-3 (Groundball, 56, EV 88.8 MPH)
|
| Bottom of the 2nd over - 0 runs, 0 hits, 1 error, 0 left on base; Chester 0 - New Jersey 0 |
| TOP OF THE 3RD |
|
Chester Pirates batting - Pitching for New Jersey Devils : RHP Richard Pye
|
|
Batting: RHB Terrence Wilson
|
0-0: Foul Ball, location: 2F 0-1: Foul Ball, location: 2F 0-2: Ball 1-2: Ball 2-2: Fly out, F8 (Line Drive, 8LD, EV 93.8 MPH)
|
|
Batting: RHB Tim Moore
|
0-0: Ground out 4-3 (Groundball, 4, EV 79.4 MPH)
|
|
Batting: RHB Zach Chmieleski
|
0-0: Ball 1-0: Ball 2-0: Ball 3-0: Called Strike 3-1: Foul Ball, location: 2F 3-2: Fly out, F8 (Flyball, 8LM, EV 88.8 MPH)
|
| Top of the 3rd over - 0 runs, 0 hits, 0 errors, 0 left on base; Chester 0 - New Jersey 0 |
| BOTTOM OF THE 3RD |
|
New Jersey Devils batting - Pitching for Chester Pirates : LHP Stan Stirnweiss
|
|
Batting: RHB Brian Bonin
|
0-0: Ball 1-0: Ball 2-0: Ball 3-0: Called Strike 3-1: Base on Balls
|
|
Batting: SHB Jerry Burrows
|
0-0: Called Strike 0-1: DOUBLE (Flyball, 89D, EV 114.4 MPH) Brian Bonin to third
|
|
Batting: RHB Mike Hanks
|
0-0: Swinging Strike 0-1: Called Strike 0-2: Ball 1-2: Foul Ball, location: 2F 1-2: Ball 2-2: Foul Ball, location: 2F 2-2: Foul Ball, location: 2F 2-2: Strikes out swinging
|
|
Batting: RHB Larry Shoop
|
0-0: Ball 1-0: Called Strike 1-1: Swinging Strike 1-2: Strikes out swinging
|
|
Batting: SHB Jason Caruso
|
0-0: Ball 1-0: Called Strike 1-1: Called Strike 1-2: Ball 2-2: Ball 3-2: Strikes out looking
|
| Bottom of the 3rd over - 0 runs, 1 hit, 0 errors, 2 left on base; Chester 0 - New Jersey 0 |
| TOP OF THE 4TH |
|
Chester Pirates batting - Pitching for New Jersey Devils : RHP Richard Pye
|
|
Batting: LHB Carlos Vega
|
0-0: Foul Ball, location: 2F 0-1: Swinging Strike 0-2: Ground out 4-3 (Groundball, 4, EV 88.8 MPH)
|
|
Batting: RHB Jeff Edwards
|
0-0: Called Strike 0-1: Ball 1-1: Ball 2-1: Ball 3-1: Foul Ball, location: 2F 3-2: Foul Ball, location: 2F 3-2: SOLO HOME RUN (Flyball, 7D, EV 101.3 MPH), Distance : 378 ft
|
|
Batting: SHB Don Hauk
|
0-0: Ball 1-0: Ball 2-0: Ball 3-0: Called Strike 3-1: Called Strike 3-2: Strikes out swinging
|
|
Batting: RHB Frank Elizondo
|
0-0: Ball 1-0: Foul Ball, location: 2F 1-1: Foul Ball, location: 2F 1-2: Foul Ball, location: 2F 1-2: Foul Ball, location: 2F 1-2: Ball 2-2: Ground out 6-3 (Groundball, 6M, EV 101.9 MPH)
|
| Top of the 4th over - 1 run, 1 hit, 0 errors, 0 left on base; Chester 1 - New Jersey 0 |
| BOTTOM OF THE 4TH |
|
New Jersey Devils batting - Pitching for Chester Pirates : LHP Stan Stirnweiss
|
|
Batting: RHB Bobby Coulombe
|
0-0: Swinging Strike 0-1: Foul Ball, location: 2F 0-2: Strikes out swinging
|
|
Batting: SHB Alex Cavazos
|
0-0: SINGLE (Line Drive, 4M, EV 93.8 MPH)
|
|
Batting: RHB Chris Artz
|
0-0: Foul Ball, location: 2F 0-1: Grounds into double play, 6-4-3 (Groundball, 6, EV 103.1 MPH)
|
| Bottom of the 4th over - 0 runs, 1 hit, 0 errors, 0 left on base; Chester 1 - New Jersey 0 |
| TOP OF THE 5TH |
|
Chester Pirates batting - Pitching for New Jersey Devils : RHP Richard Pye
|
|
Batting: RHB Erik Mulligan
|
0-0: Ball 1-0: Foul Ball, location: 2F 1-1: Ball 2-1: Ball 3-1: Swinging Strike 3-2: Strikes out looking
|
|
Batting: LHB Chad Cutler
|
0-0: Ball 1-0: Swinging Strike 1-1: Swinging Strike 1-2: Ball 2-2: Foul Ball, location: 2F 2-2: Strikes out swinging
|
|
Batting: RHB Terrence Wilson
|
0-0: Ball 1-0: Called Strike 1-1: Foul Ball, location: 2F 1-2: SINGLE (Flyball, 3D, EV 86.3 MPH)
|
|
Batting: RHB Tim Moore
|
0-0: DOUBLE (Line Drive, 9LM, EV 111.3 MPH) Terrence Wilson to third
|
|
Batting: RHB Zach Chmieleski
|
0-0: Ball 1-0: Called Strike 1-1: Ball 2-1: Called Strike 2-2: Strikes out looking
|
| Top of the 5th over - 0 runs, 2 hits, 0 errors, 2 left on base; Chester 1 - New Jersey 0 |
| BOTTOM OF THE 5TH |
|
New Jersey Devils batting - Pitching for Chester Pirates : LHP Stan Stirnweiss
|
|
Batting: RHB Jose Lara
|
0-0: Ball 1-0: Ball 2-0: Ball 3-0: Called Strike 3-1: Foul Ball, location: 2F 3-2: Base on Balls
|
|
Batting: RHB Brian Bonin
|
0-0: Ball 1-0: Called Strike 1-1: Ball 2-1: Foul Ball, location: 2F 2-2: Foul Ball, location: 2F 2-2: Ball 3-2: Fly out, F9 (Flyball, 89D, EV 89.4 MPH)
|
|
Batting: SHB Jerry Burrows
|
0-0: Fielders Choice at 2nd, 5-4 (Groundball, 5, EV 86.9 MPH)
|
|
Batting: RHB Mike Hanks
|
0-0: Called Strike 0-1: Fly out, F8 (Line Drive, 8RM, EV 98.1 MPH)
|
| Bottom of the 5th over - 0 runs, 0 hits, 0 errors, 1 left on base; Chester 1 - New Jersey 0 |
| TOP OF THE 6TH |
|
Chester Pirates batting - Pitching for New Jersey Devils : RHP Richard Pye
|
|
Batting: LHB Carlos Vega
|
0-0: Ball 1-0: Foul Ball, location: 2F 1-1: Called Strike 1-2: Strikes out swinging
|
|
Batting: RHB Jeff Edwards
|
0-0: Ball 1-0: Ground out 4-3 (Groundball, 4, EV 95.6 MPH)
|
|
Batting: SHB Don Hauk
|
0-0: Ball 1-0: Swinging Strike 1-1: Foul Ball, location: 2F 1-2: Strikes out swinging
|
| Top of the 6th over - 0 runs, 0 hits, 0 errors, 0 left on base; Chester 1 - New Jersey 0 |
| BOTTOM OF THE 6TH |
|
New Jersey Devils batting - Pitching for Chester Pirates : LHP Stan Stirnweiss
|
|
Batting: RHB Larry Shoop
|
0-0: Called Strike 0-1: Foul Ball, location: 2F 0-2: Strikes out looking
|
|
Batting: SHB Jason Caruso
|
0-0: Ball 1-0: Ball 2-0: Ground out 6-3 (Groundball, 6, EV 85.6 MPH)
|
|
Batting: RHB Bobby Coulombe
|
0-0: Called Strike 0-1: Ball 1-1: SINGLE (Groundball, 5S, EV 66.3 MPH) (infield hit)
|
|
Batting: SHB Alex Cavazos
|
0-0: Ball 1-0: Called Strike 1-1: Ball 2-1: Foul Ball, location: 2F 2-2: Strikes out swinging
|
| Bottom of the 6th over - 0 runs, 1 hit, 0 errors, 1 left on base; Chester 1 - New Jersey 0 |
| TOP OF THE 7TH |
|
Chester Pirates batting - Pitching for New Jersey Devils : RHP Richard Pye
|
|
Batting: RHB Frank Elizondo
|
0-0: Ball 1-0: Fly out, F7 (Line Drive, 78M, EV 103.8 MPH)
|
|
Batting: RHB Erik Mulligan
|
0-0: Foul Ball, location: 2F 0-1: Ball 1-1: Foul Ball, location: 2F 1-2: Ball 2-2: Fly out, F9 (Flyball, 9D, EV 102.5 MPH)
|
|
Batting: LHB Chad Cutler
|
0-0: Ball 1-0: Ball 2-0: Ball 3-0: Called Strike 3-1: Swinging Strike 3-2: Foul Ball, location: 2F 3-2: Strikes out swinging
|
| Top of the 7th over - 0 runs, 0 hits, 0 errors, 0 left on base; Chester 1 - New Jersey 0 |
| BOTTOM OF THE 7TH |
|
New Jersey Devils batting - Pitching for Chester Pirates : LHP Stan Stirnweiss
|
|
Batting: RHB Chris Artz
|
0-0: Swinging Strike 0-1: Foul Ball, location: 2F 0-2: Strikes out looking
|
|
Batting: RHB Jose Lara
|
0-0: Ground out 4-3 (Groundball, 4M, EV 88.1 MPH)
|
|
Batting: RHB Brian Bonin
|
0-0: Ball 1-0: Ball 2-0: Ball 3-0: Called Strike 3-1: Called Strike 3-2: Foul Ball, location: 2F 3-2: Foul Ball, location: 2F 3-2: Fly out, F2 (Popup, 23F, EV 83.8 MPH)
|
| Bottom of the 7th over - 0 runs, 0 hits, 0 errors, 0 left on base; Chester 1 - New Jersey 0 |
| TOP OF THE 8TH |
|
Chester Pirates batting - Pitching for New Jersey Devils : RHP Richard Pye
|
|
Batting: RHB Terrence Wilson
|
0-0: Ball 1-0: Ball 2-0: Called Strike 2-1: Foul Ball, location: 2F 2-2: Strikes out swinging
|
|
Batting: RHB Tim Moore
|
0-0: Called Strike 0-1: SINGLE (Line Drive, 9LS, EV 104.4 MPH)
|
|
Batting: RHB Zach Chmieleski
|
0-0: Grounds into double play, 4-6-3 (Groundball, 4M, EV 84.4 MPH)
|
| Top of the 8th over - 0 runs, 1 hit, 0 errors, 0 left on base; Chester 1 - New Jersey 0 |
| BOTTOM OF THE 8TH |
|
New Jersey Devils batting - Pitching for Chester Pirates : LHP Stan Stirnweiss
|
|
Pinch Hitting: RHB Gang-sheng Chew
|
0-0: Called Strike 0-1: Called Strike 0-2: SOLO HOME RUN (Flyball, 7LD, EV 93.1 MPH), Distance : 344 ft
|
|
Batting: RHB Mike Hanks
|
0-0: Called Strike 0-1: Ball 1-1: Swinging Strike 1-2: Strikes out swinging
|
|
Batting: RHB Larry Shoop
|
0-0: Foul Ball, location: 2F 0-1: Ball 1-1: Foul Ball, location: 2F 1-2: Strikes out swinging
|
|
Batting: SHB Jason Caruso
|
0-0: Foul Ball, location: 2F 0-1: Fly out, F4 (Popup, 4MD, EV 55.6 MPH)
|
| Bottom of the 8th over - 1 run, 1 hit, 0 errors, 0 left on base; Chester 1 - New Jersey 1 |
| TOP OF THE 9TH |
|
Chester Pirates batting - Pitching for New Jersey Devils : RHP Richard Pye
|
|
Now at 2B: Nick Daigle
|
|
|
Batting: LHB Carlos Vega
|
0-0: SINGLE (Line Drive, 6D, EV 94.4 MPH)
|
|
Batting: RHB Jeff Edwards
|
0-0: Ball 1-0: Called Strike 1-1: Called Strike 1-2: Ball 2-2: Ball 3-2: Grounds into double play, 4-6-3 (Groundball, 34, EV 91.3 MPH)
|
|
Batting: SHB Don Hauk
|
0-0: Foul Ball, location: 2F 0-1: Fly out, F6 (Flyball, 56D, EV 95.0 MPH)
|
| Top of the 9th over - 0 runs, 1 hit, 0 errors, 0 left on base; Chester 1 - New Jersey 1 |
| BOTTOM OF THE 9TH |
|
New Jersey Devils batting - Pitching for Chester Pirates : LHP Stan Stirnweiss
|
|
Batting: RHB Bobby Coulombe
|
0-0: Foul Ball, location: 2F 0-1: Swinging Strike 0-2: Ball 1-2: Strikes out swinging
|
|
Batting: SHB Alex Cavazos
|
0-0: Ball 1-0: Ball 2-0: Called Strike 2-1: SINGLE (Line Drive, 9S, EV 98.1 MPH)
|
|
Batting: RHB Chris Artz
|
0-0: Fly out, F9 (Flyball, 9LD, EV 104.4 MPH)
|
|
Batting: RHB Jose Lara
|
0-0: Fielders Choice at 2nd, 5-4 (Groundball, 5, EV 81.3 MPH)
|
| Bottom of the 9th over - 0 runs, 1 hit, 0 errors, 1 left on base; Chester 1 - New Jersey 1 |
| TOP OF THE 10TH |
|
Chester Pirates batting - Pitching for New Jersey Devils : RHP Richard Pye
|
|
Batting: RHB Frank Elizondo
|
0-0: Ball 1-0: Ground out 5-3 (Groundball, 56, EV 110.0 MPH)
|
|
Batting: RHB Erik Mulligan
|
0-0: Called Strike 0-1: Ball 1-1: Ball 2-1: Swinging Strike 2-2: Foul Ball, location: 2F 2-2: Foul Ball, location: 2F 2-2: Strikes out swinging
|
|
Batting: LHB Chad Cutler
|
0-0: Called Strike 0-1: Ball 1-1: Ground out 1-3 (Groundball, 13S, EV 73.8 MPH)
|
| Top of the 10th over - 0 runs, 0 hits, 0 errors, 0 left on base; Chester 1 - New Jersey 1 |
| BOTTOM OF THE 10TH |
|
New Jersey Devils batting - Pitching for Chester Pirates : LHP Stan Stirnweiss
|
|
Pitching: RHP Steve Kane
|
|
|
Pinch Hitting: LHB Dan Bremseth
|
0-0: Called Strike 0-1: Swinging Strike 0-2: SOLO HOME RUN (Flyball, 9D, EV 98.8 MPH), Distance : 368 ft
|
| Bottom of the 10th over - 1 run, 1 hit, 0 errors, 0 left on base; Chester 1 - New Jersey 2 |
| |
|
Game Over ... New Jersey defeats Chester, 2 to 1
|
|
|